 Dungeon Crawl Stone Soup version 0.27.0-1-g7a089689b8 (webtiles) character file.

Game seed: 6327306811652986193

5 Spectrina the Magician (level 1, 0/15 HPs)
             Began as a Djinni Necromancer on Aug 18, 2021.
             Slain by a bat (1 damage)
             ... on level 1 of the Dungeon.
             The game lasted 00:01:01 (132 turns).

Spectrina the Magician (Djinni Necromancer)          Turns: 132, Time: 00:01:01

Health: 0/15       AC:  2    Str:  7    XL:     1   Next: 88%
Gold:   10         EV: 12    Int: 16    God:
                   SH:  0    Dex: 13

rFire    + + .     SeeInvis .   (no weapon)
rCold    x . .     Faith    .   (no shield)
rNeg     . . .     Spirit   .   a - +0 robe
rPois    ∞         Reflect  .   (no helmet)
rElec    .         Harm     .   (no cloak)
rCorr    .         Rampage  .   (no gloves)
Will     .....                  (boots unavailable)
Stlth    ++........             (no amulet)
HPRegen  0.05/turn              (no ring)
MPRegen  0.00/turn              (no ring)

@: flying
A: sickness immunity, fire resistance 2, cold vulnerability 1, float, innate
caster, hp casting, extra vitality 1
a: no special abilities


You were on level 1 of the Dungeon.
You visited 1 branch of the dungeon, and saw 1 of its levels.

You collected 10 gold pieces.

Inventory:

Missiles
 b - 20 stones (quivered)
Armour
 a - a +0 robe (worn)
Potions
 c - a potion of brilliance {unknown}


   Skills:
 - Level 2.1 Dodging
 - Level 1.5 Stealth
 + Level 3.5 Spellcasting


You couldn't memorise any spells.
You knew the following spells:

 Your Spells              Type           Power      Damage    Failure   Level
a - Pain                  Necr           56%        1d6       4%          1
b - Animate Skeleton      Necr           28%        N/A       4%          1
c - Vampiric Draining     Necr           7%         2d7       13%         3
d - Animate Dead          Necr           7%         N/A       38%         4
e - Agony                 Necr           14%        N/A       75%         5
Your spell library was empty.

Dungeon Overview and Level Annotations

Branches:
Dungeon (1/15)

Altars:


Innate Abilities, Weirdness & Mutations

You are immune to sickness and miasma.
You are immune to poison.
Your flesh is very heat resistant. (rF++)
You are vulnerable to cold. (rC-)
You float through the air rather than walking.
You learn spells naturally, not from books.
Your magical power is your life essence.
You have superior vitality. (+4 HP)


Message History

The goblin writhes in agony.
You kill the goblin!
* * * LOW HITPOINT WARNING * * *
Unknown command.
Found a brown potion.
An endoplasm and a kobold come into view.
You reach down and open the door.
An endoplasm comes into view.
Throw: 22 stones
Press: ? - help, Q - select action, (/) - cycle Shift-Dir - straight line, f - endoplasm
Aim: an endoplasm (asleep, 98% to hit)
You throw a stone.
The stone hits the endoplasm but does no damage.
Casting: Pain (safe; 4% risk of failure)
Confirm with . or Enter, or press ? or * to list all spells.
Aiming: Pain (safe; 4% risk of failure)
Press: ? - help, Shift-Dir - straight line, f/p - endoplasm
Aim: an endoplasm (chance to affect: 83%)
The endoplasm writhes in agony.
* * * LOW HITPOINT WARNING * * *
Unknown command.
Casting: Pain (safe; 4% risk of failure)
Confirm with . or Enter, or press ? or * to list all spells.
Aiming: Pain (safe; 4% risk of failure)
Press: ? - help, Shift-Dir - straight line, f/p - endoplasm
Aim: an endoplasm (almost dead, chance to affect: 83%)
The endoplasm writhes in agony.
You kill the endoplasm!
* * * LOW HITPOINT WARNING * * *
Unknown command.
A bat comes into view.
There is an open door here.
Throw: 21 stones
Press: ? - help, Q - select action, (/) - cycle Shift-Dir - straight line, f - bat
Aim: a bat (asleep, 98% to hit)
You throw a stone. The stone hits the bat.
The bat is moderately wounded.
The bat closely misses you.
You miss the bat. The bat hits you.
You die...

#########.####..#. .....
#.........#.....#. ....(
#.#########+##....
.....###.# ##.##....
.......#.### #...#.#..
.......#...# #...#....
.......###.# #...#....
.......###.# ##...##...
.......b@..#####..P..####
.....(.##.##.............
....... #.'.....P.<.P....
....... ####.............
......# #####..P..####
.....# ##...## .....
#...# ..... #...# #...#


You could see a bat.

Vanquished Creatures
  2 endoplasms (D:1)
  A goblin (D:1)
  A hobgoblin (D:1)
4 creatures vanquished.

Notes
Turn   | Place    | Note
-------+----------+-------------------------------------------
     0 | D:1      | Spectrina the Djinni Necromancer began the quest for the
                  | Orb.
     0 | D:1      | Reached XP level 1. HP: 15/15 MP: 0/0
   132 | D:1      | Slain by a bat

Illustrated notes

Levels and vault maps discovered:
D:1:      evilmike_arrival_plus, layout_basic,
          hellmonk_ecumenical_altar_pennies_from_heaven

Action                   || total
-------------------------++-------
Melee: Unarmed           ||     1
Throw: Stone             ||     4
 Cast: Pain              ||     8
Dodge: Dodged            ||     1
